 Dungeon Crawl Stone Soup version 0.27.1-34-g3ba077fa99 (webtiles) character file.

Game seed: 3830052714054554022

91 KrombopulosMichael the Shield-Bearer (level 4, -4/37 HPs)
             Began as a Formicid Fighter on Jan 20, 2022.
             Slain by Grinder (7 damage)
             ... on level 3 of the Dungeon on Jan 21, 2022.
             The game lasted 00:03:47 (1815 turns).

KrombopulosMichael the Shield-Bearer (FoFi)         Turns: 1815, Time: 00:04:17

Health: -4/37      AC:  7    Str: 20    XL:     4   Next: 87%
Magic:  4/4        EV:  8    Int:  8    God:
Gold:   71         SH:  9    Dex: 11    Spells: 3/3 levels left

rFire    . . .     SeeInvis +   a - +0 rapier
rCold    . . .     Faith    .   c - +0 kite shield
rNeg     . . .     Spirit   .   b - +0 scale mail
rPois    .         Reflect  .   (helmet unavailable)
rElec    .         Harm     .   (no cloak)
rCorr    .         Rampage  .   (no gloves)
Will     .....                  (no boots)
Stlth    ..........             (no amulet)
HPRegen  0.12/turn              h - ring of flight
MPRegen  0.09/turn              (no ring)

@: flying
A: permanent stasis, dig shafts and tunnels, antennae 3, four strong arms
a: Dig, Shaft Self


You were on level 3 of the Dungeon.
You visited 1 branch of the dungeon, and saw 3 of its levels.

You collected 71 gold pieces.

Inventory:

Hand Weapons
 a - a +0 rapier (weapon)
Armour
 b - a +0 scale mail (worn)
 c - a +0 kite shield (worn)
 j - a +0 chain mail
Jewellery
 h - a ring of flight (left hand)
Scrolls
 f - a scroll of teleportation
 i - a scroll of fear
Potions
 g - a potion of flight


   Skills:
 + Level 4.0 Fighting
 + Level 3.0 Short Blades
 + Level 3.8 Armour
 + Level 0.3 Dodging
 + Level 0.1 Stealth
 + Level 4.3 Shields


You had 3 spell levels left.
You didn't know any spells.
Your spell library contained the following spells:

 Spells                   Type           Power      Damage    Failure   Level
 Summon Small Mammal      Summ           0%         N/A       97%         1
 Call Canine Familiar     Summ           0%         N/A       100%        3
 Summon Guardian Golem    Hex/Summ       0%         N/A       100%        3


Dungeon Overview and Level Annotations

Branches:
Dungeon (3/15)

Altars:

Annotations:
D:3 1 runed translucent door, Crazy Yiuf, Grinder


Innate Abilities, Weirdness & Mutations

You cannot be hasted, slowed, berserked, paralysed or teleported.
You can dig through walls and to a lower floor.
You have a pair of large antennae on your head. (SInv)
Your four strong arms can wield two-handed weapons with a shield.


Message History

Grinder is heavily wounded.
Grinder gestures at you.
Your stasis prevents you from being paralysed.
You closely miss Grinder.
Grinder is heavily wounded.
Grinder says, "Don't move a muscle."
Grinder hits you but does no damage.
You hit Grinder.
Grinder is heavily wounded.
Grinder hits you.
You writhe in agony.
You hit Grinder.
Grinder is heavily wounded.
Grinder gestures at you. You resist with significant effort.
You block Grinder's attack.
You barely miss Grinder.
Grinder is heavily wounded.
You block Grinder's attack.
You barely miss Grinder.
Grinder is heavily wounded.
Grinder hits you.
You hit Grinder.
Grinder is severely wounded.
Grinder hits you!
You writhe in agony.
You are too injured to fight recklessly!
You are too injured to fight recklessly!
You are too injured to fight recklessly!
You are too injured to fight recklessly!
You are too injured to fight recklessly!
You are too injured to fight recklessly!
You are too injured to fight recklessly!
You closely miss Grinder.
Grinder is severely wounded.
Grinder barely misses you.
Your shield prevents you from hitting Grinder.
Grinder is severely wounded.
Grinder gestures at you. Pain shoots through your body!
* * * LOW HITPOINT WARNING * * *
Grinder hits you!
You die...

....... ........
.......#
#.......#####
...........##
............#
............#
..#.....5#
#.#.####@# #####
#.####.#....#.###
#)..#
#.....)).###..#.##
#...#
####..))...#..##.#
..{
#.......##.#.##
#+#
#.......##..#####
♣.♣♣
#....5..##......#
♣♣.♣
#.......#######.#
♣.♣
#.......#######.#
♣♣.


You could see Grinder.

Vanquished Creatures
  An orc wizard (D:3)
  An adder (D:3)
  7 orcs (D:3)
  2 bats
  7 endoplasms (D:1)
  3 goblins
  6 hobgoblins
  4 jackals (D:1)
  2 quokkas
  4 frilled lizards
  4 kobolds
  4 rats
45 creatures vanquished.

Notes
Turn   | Place    | Note
-------+----------+-------------------------------------------
     0 | D:1      | KrombopulosMichael the Formicid Fighter began the quest for
                  | the Orb.
     0 | D:1      | Reached XP level 1. HP: 18/18 MP: 1/1
   145 | D:1      | Reached XP level 2. HP: 22/24 MP: 2/2
   483 | D:1      | Reached XP level 3. HP: 26/30 MP: 3/3
   794 | D:1      | Found a faded altar of an unknown god.
  1174 | D:2      | You are sucked into a shaft and drop 1 floor!
  1199 | D:3      | Reached XP level 4. HP: 12/35 MP: 4/4
  1678 | D:3      | Found a runed translucent door.
  1679 | D:3      | Noticed Crazy Yiuf
  1731 | D:3      | Noticed Grinder
  1815 | D:3      | Slain by Grinder

Illustrated notes

Levels and vault maps discovered:
D:1:      dpeg_arrival_stone_temple_mockup, layout_loops_ring,
          dreamdust_ecumenical_altar_grove
D:2:      layout_loops_ring
D:3:      layout_basic, uniq_crazy_yiuf_cottage, uniq_grinder

Skill      XL: |  1  2  3  4 |
---------------+-------------+-----
Shields        | 4 |  4.3
Fighting       | 4 |  4.0
Short Blades   | 3 |  3.0
Armour         | |  3.8
Dodging        | |  0.3
Stealth        | |  0.1

Action                   |  1- 3 |  4- 6 || total
-------------------------+-------+-------++-------
Melee: Rapier            |    83 |    43 ||   126
 Abil: Dig               |     1 |     2 ||     3
  Use: Potion            |     1 |     2 ||     3
       Scroll            |     1 |     1 ||     2
Armor: Scale mail        |    20 |    11 ||    31
Dodge: Dodged            |    14 |     7 ||    21
Block: Kite shield       |    35 |    17 ||    52
